 Dungeon Crawl Stone Soup version 0.23.2-30-g0e89c35649 (webtiles) character file.

Game seed: 6460462863846168386

17473 zikan the Severer (level 12, -15/162 HPs)
             Began as a Minotaur Berserker on June 15, 2019.
             Was a High Priest of Trog.
             Demolished by a spiny frog (21 damage)
             ... on level 1 of the Lair of Beasts on June 16, 2019.
             The game lasted 00:53:20 (12607 turns).

zikan the Severer (Minotaur Berserker)             Turns: 12607, Time: 00:53:21

Health: -15/162    AC: 16    Str: 28    XL:     12   Next: 19%
Magic:  11/11      EV: 10    Int:  4    God:    Trog [*****.]
Gold:   1133       SH:  5    Dex: 14    Spells: 11/11 levels left

rFire    + . .     SeeInvis .   B - +0 war axe
rCold    + + .     Gourm    .   z - +0 buckler
rNeg     . . .     Faith    .   P - +0 plate armour
rPois    +         Spirit   .   (helmet restricted)
rElec    .         Reflect  .   R - scarf {rC+ rF+}
rCorr    .         Harm     .   O - +0 pair of gloves
MR       ++...                  (no boots)
Stlth    ..........             S - amulet of the acrobat
HPRegen  1.37/turn              f - ring of protection from cold
MPRegen  0.12/turn              e - ring of poison resistance

@: berserking (expiring), lethally poisoned (-15 -> -16), regenerating, very
quick
A: retaliatory headbutt, horns 2
a: Berserk, Trog's Hand, Brothers in Arms, Renounce Religion


You were on level 1 of the Lair of Beasts.
You worshipped Trog.
Trog was extremely pleased with you.
You were not hungry.

You visited 2 branches of the dungeon, and saw 14 of its levels.
You also visited: Ossuary.

You collected 1133 gold pieces.

Inventory:

Hand Weapons
 B - a +0 war axe (weapon)
Armour
 w - a +2 cloak
 z - a +0 buckler (worn)
 O - a +0 pair of gloves (worn)
 P - a +0 plate armour (worn)
 R - a scarf of resistance (worn)
Jewellery
 e - a ring of poison resistance (right hand)
 f - a ring of protection from cold (left hand)
 j - an uncursed ring of flight
 A - an uncursed ring of ice
 H - an uncursed ring of ice
 K - an uncursed ring of protection from magic
 Q - an uncursed ring of protection from fire
 S - an amulet of the acrobat (around neck)
Wands
 g - a wand of paralysis (19)
 x - a wand of digging (3)
 y - a wand of acid (10)
 J - a wand of flame (47)
 M - a wand of random effects (13)
Scrolls
 a - a scroll of acquirement {unknown}
 i - 4 scrolls of enchant weapon
 m - 4 scrolls of fog
 n - 13 scrolls of teleportation
 o - 2 scrolls of magic mapping {unknown}
 r - a scroll of summoning {unknown}
 s - 3 scrolls of blinking {unknown}
 u - 13 scrolls of remove curse
 C - 3 scrolls of immolation
 D - 4 scrolls of fear
 E - 2 scrolls of vulnerability {unknown}
 G - a scroll of identify
 L - a scroll of enchant armour {unknown}
 N - a scroll of random uselessness {unknown}
Potions
 b - a potion of ambrosia {unknown}
 d - a potion of cancellation
 h - 3 potions of lignification
 k - 3 potions of brilliance
 l - 3 potions of magic
 p - 2 potions of heal wounds {unknown}
 q - a potion of agility {unknown}
 t - 5 potions of mutation
 v - a potion of flight {unknown}
 F - 7 potions of curing
 I - a potion of resistance {unknown}
 T - a potion of haste
Comestibles
 c - 23 rations


   Skills:
 + Level 10.7 Fighting
 * Level 17.3 Axes
 + Level 10.2 Armour
 + Level 5.2 Dodging
 - Level 4.0 Shields


You had 11 spell levels left.
You didn't know any spells.
Your spell library was empty.

Dungeon Overview and Level Annotations

Branches:
Dungeon (13/15)            Temple (0/1) D:6            Lair (1/6) D:8
    Orc (0/2) D:9
 Vaults: D:13-14

Altars:
Cheibriados
Dithmenos
Gozag
Hepliaklqana
Kikubaaqudgha
Qazlal
Uskayaw
Vehumet
Xom
Yredelemnul
Beogh

Annotations:
Lair:1 1 transporter, Hytresuh's ghost, novice MiFi


Innate Abilities, Weirdness & Mutations

You reflexively headbutt those who attack you in melee.
You have a pair of horns on your head.


Message History

You hit the polar bear.
You kill the polar bear!
Trog accepts your kill.
You slash the komodo dragon! The spiny frog stings you!!
* * * LOW HITPOINT WARNING * * *
The komodo dragon completely misses you.
Hytresuh's ghost hits you.
* * * LOW HITPOINT WARNING * * *
You hit Hytresuh's ghost.
Hytresuh's ghost is moderately damaged.
You closely miss the moth of wrath. You slice the komodo dragon!!
You barely miss the spiny frog. The spiny frog stings you!!
* * * LOW HITPOINT WARNING * * *
You are poisoned.
The spiny frog poisons you!
The komodo dragon bites you but does no damage.
You eat one of the 24 rations.
That ration really hit the spot!
You feel sick.
The moth of wrath bites you but does no damage.
The spiny frog stings you!!
You die...

...................####
....[..............##.##
########.P.............###
##..####.©.####...##
##.##..##### .###..#
#..#....$!$[.#..##.#
#.##.##..=###....#.##
#.#.....#Wy...#.##..#
##.#..##hF@..#...#..##
#..#.....l#..##W.#.##
#######..##...#.
.#....#..#
......#...#©...#
.....##.##
......###.#####. ###h##..#
#.#P...##.....####©###..##
###...#######..........##
##..# ###....##### #...#
#....#


You could see a moth of wrath, a komodo dragon (berserk), a spiny frog
(berserk), a wolf (berserk) and Hytresuh's ghost.

Vanquished Creatures
  3 two-headed ogres
  An unseen horror (D:12)
  2 ugly things
  A manticore (D:12)
  A moth of wrath (Lair:1)
  Maurice (D:12)
  A centaur zombie (D:11)
  A spiny frog (Lair:1)
  A komodo dragon (Lair:1)
  A freezing wraith (D:12)
  A queen bee (D:11)
  A polar bear (Lair:1)
  10 hippogriffs
  Sigmund (D:2)
  A vampire (D:10)
  A wraith (D:12)
  A wyvern (D:11)
  8 yaks
  A steam dragon (D:12)
  3 porcupines (Lair:1)
  A water moccasin (Lair:1)
  A phantom (D:13)
  2 sky beasts
  A black bear (Lair:1)
  3 orc warriors
  3 necrophages
  5 ice beasts
  5 ogres
  5 centaurs
  3 crocodiles
  2 big kobolds
  5 bullfrogs
  3 scorpions
  18 killer bees
  3 wights (D:11)
  2 howler monkeys
  10 crimson imps
  2 jellies
  2 quasits
  Crazy Yiuf (D:3)
  3 bullfrog zombies
  7 orc priests
  3 human zombies (D:11)
  24 orc wizards
  2 bullfrog skeletons
  3 centaur skeletons
  A hound (D:4)
  2 iguanas
  2 human skeletons (D:11)
  6 worker ants
  A big kobold zombie (Ossuary)
  An ogre zombie (D:11)
  A hound zombie (D:6)
  2 hound skeletons
  9 mummies
  A worker ant zombie (D:9)
  6 adders
  7 gnolls
  2 shadow imps
  2 oozes
  An adder skeleton (D:5)
  2 worms
  2 dart slugs (D:2)
  6 leopard geckos
  52 orcs
  5 giant cockroaches
  8 goblins
  7 hobgoblins
  4 jackals (D:5)
  8 quokkas
  7 bats
  9 frilled lizards
  4 hobgoblin zombies (Ossuary)
  16 kobolds
  A kobold zombie (Ossuary)
  A leopard gecko skeleton (D:7)
  An orc skeleton (D:11)
  2 orc zombies (Ossuary)
  A quokka zombie (D:5)
  5 rats
345 creatures vanquished.

Vanquished Creatures (collateral kills)
  A hydra (D:12)
  A death knight (D:11)
2 creatures vanquished.

Grand Total: 347 creatures vanquished

Notes
Turn   | Place    | Note
-------+----------+-------------------------------------------
     0 | D:1      | zikan the Minotaur Berserker began the quest for the Orb.
     0 | D:1      | Reached XP level 1. HP: 19/19 MP: 0/0
   106 | D:1      | Reached XP level 2. HP: 19/27 MP: 1/1
   195 | D:1      | Reached skill level 4 in Axes
   930 | D:2      | Reached XP level 3. HP: 32/33 MP: 2/2
  1066 | D:2      | Reached ** piety under Trog
  1244 | D:2      | Reached XP level 4. HP: 41/41 MP: 3/3
  1429 | D:2      | Reached skill level 5 in Axes
  1433 | D:2      | Noticed Sigmund
  1445 | D:2      | Killed Sigmund
  1445 | D:2      | Reached skill level 5 in Fighting
  1445 | D:2      | Reached skill level 6 in Axes
  1445 | D:2      | Reached XP level 5. HP: 48/48 MP: 4/4
  1683 | D:3      | Found a runed translucent door.
  1684 | D:3      | Noticed Crazy Yiuf
  1700 | D:3      | Found a hide-covered altar of Uskayaw.
  2030 | D:3      | Reached XP level 6. HP: 46/56 MP: 5/5
  2264 | D:3      | Found a hazy altar of Hepliaklqana.
  2366 | D:3      | Reached skill level 7 in Axes
  2693 | D:3      | Killed Crazy Yiuf
  2847 | D:4      | Noticed a two-headed ogre
  2864 | D:4      | Killed a two-headed ogre
  2864 | D:4      | Reached skill level 9 in Axes
  2864 | D:4      | Reached skill level 5 in Armour
  2864 | D:4      | Reached XP level 7. HP: 42/62 MP: 6/6
  2864 | D:4      | Reached XP level 8. HP: 48/70 MP: 7/7
  3185 | D:4      | Reached *** piety under Trog
  3361 | D:4      | Reached skill level 10 in Axes
  3592 | D:5      | Entered Level 5 of the Dungeon
  4111 | D:5      | Reached skill level 11 in Axes
  4177 | D:5      | Reached **** piety under Trog
  4215 | D:5      | Noticed a two-headed ogre
  4221 | D:5      | Reached XP level 9. HP: 63/78 MP: 8/8
  4226 | D:5      | Killed a two-headed ogre
  4226 | D:5      | Reached skill level 12 in Axes
  4226 | D:5      | Reached skill level 1 in Shields
  4499 | D:5      | Found a shimmering altar of Xom.
  4499 | D:5      | Found an ancient bone altar of Kikubaaqudgha.
  4500 | D:5      | Found a stormy altar of Qazlal.
  4608 | D:6      | Found a staircase to the Ecumenical Temple.
  4772 | D:6      | Found a sand-covered staircase.
  4784 | Ossuary  | Entered an ossuary
  4818 | Ossuary  | Reached skill level 13 in Axes
  5442 | D:7      | Found an opulent altar of Gozag.
  5548 | D:7      | Found a snail-covered altar of Cheibriados.
  5989 | D:8      | Found a staircase to the Lair.
  5997 | D:8      | Reached XP level 10. HP: 86/86 MP: 9/9
  6481 | D:8      | Reached ***** piety under Trog
  6964 | D:9      | Reached skill level 14 in Axes
  7231 | D:9      | Found a staircase to the Orcish Mines.
  7267 | D:9      | Received a gift from Trog
  7281 | D:9      | Found a roughly hewn altar of Beogh.
  7512 | D:9      | Found a shadowy altar of Dithmenos.
  7708 | D:9      | Found a radiant altar of Vehumet.
  7764 | D:10     | Entered Level 10 of the Dungeon
  8360 | D:11     | Noticed a green ugly thing
  8373 | D:11     | Noticed a death knight
  8380 | D:11     | Killed a green ugly thing
  8380 | D:11     | Reached skill level 15 in Axes
  8387 | D:11     | Killed a death knight
  8507 | D:11     | Reached XP level 11. HP: 94/95 MP: 10/10
  9443 | D:11     | Received a gift from Trog
  9453 | D:11     | Reached skill level 5 in Dodging
  9467 | D:11     | Found a basalt altar of Yredelemnul.
 10039 | D:12     | Reached skill level 16 in Axes
 10077 | D:12     | Killed an unseen horror
 10240 | D:12     | Noticed a cyan ugly thing
 10256 | D:12     | Killed a cyan ugly thing
 10694 | D:12     | Noticed Maurice
 10700 | D:12     | Paralysed by Maurice for 5 turns
 10710 | D:12     | Paralysed by something for 2 turns
 10758 | D:12     | Killed Maurice
 11195 | D:12     | Noticed a two-headed ogre
 11204 | D:12     | Killed a two-headed ogre
 11206 | D:12     | Reached skill level 10 in Fighting
 11355 | D:12     | Noticed a four-headed hydra
 11361 | D:12     | Killed a five-headed hydra
 11657 | Lair:1   | Entered Level 1 of the Lair of Beasts
 11736 | Lair:1   | Reached skill level 10 in Armour
 11772 | Lair:1   | Reached skill level 17 in Axes
 11776 | Lair:1   | Reached XP level 12. HP: 87/106 MP: 11/11
 12110 | Lair:1   | Found a transporter.
 12113 | Lair:1   | Noticed Hytresuh's ghost (novice MiFi)
 12173 | Lair:1   | Found a transporter.
 12606 | Lair:1   | HP: 6/162 [spiny frog (25)]
 12607 | Lair:1   | Demolished by a spiny frog

Skill      XL: |  1  2  3  4  5  6  7  8  9 10 11 |
---------------+----------------------------------+-----
Axes           | 4 6 9 11 13 15 17 | 17.3
Fighting       | 4 5 6 7 8 10 | 10.7
Armour         | 3 5 6 7 8 10 | 10.2
Dodging        | 3 4 5 |  5.2
Shields        | 2 3 4 |  4.0

Action                   |  1- 3 |  4- 6 |  7- 9 | 10-12 || total
-------------------------+-------+-------+-------+-------++-------
Melee: Hand axe          |    75 |    73 |    96 |       ||   244
       Headbutt          |    14 |    15 |    52 |   134 ||   215
       War axe           |       |       |   136 |   605 ||   741
Invok: Berserk           |     1 |     3 |     5 |    10 ||    19
       Trog's Hand       |       |       |       |     3 ||     3
       Brothers in Arms  |       |       |       |     3 ||     3
  Use: Scroll            |       |       |    12 |     4 ||    16
       Potion            |       |       |       |     2 ||     2
  Eat: Chunk             |     2 |     5 |    13 |    22 ||    42
       Ration            |       |     1 |       |     4 ||     5
Armor: Animal skin       |     7 |       |       |       ||     7
       Scale mail        |    11 |    19 |    67 |       ||    97
       Chain mail        |       |       |    10 |   113 ||   123
       Plate armour      |       |       |       |   154 ||   154
Dodge: Dodged            |    42 |    33 |    98 |   254 ||   427
Block: Buckler           |       |       |    25 |   121 ||   146
